 Dungeon Crawl Stone Soup version 0.23.2-30-g0e89c35649 (webtiles) character file.

Game seed: 8109794422914046238

11143 Hivemind the Carver (level 11, 0/86 HPs)
             Began as a Hill Orc Fighter on June 9, 2019.
             Was a Priest of the Shining One.
             Slain by a vampire mosquito (9 damage)
             ... on level 9 of the Dungeon.
             The game lasted 01:06:18 (16378 turns).

Hivemind the Carver (Hill Orc Fighter)             Turns: 16378, Time: 01:06:18

Health: 0/86       AC:  7    Str: 20    XL:     11   Next: 73%
Magic:  15/15      EV:  9    Int:  8    God:    the Shining One [***...]
Gold:   542        SH: 12    Dex: 13    Spells: 10/10 levels left

rFire    x . .     SeeInvis +   l - +4 scimitar (flame)
rCold    + . .     Gourm    .   c - +1 shield
rNeg     + . .     Faith    .   C - +0 ring mail
rPois    .         Spirit   .   (no helmet)
rElec    .         Reflect  .   (no cloak)
rCorr    .         Harm     .   (no gloves)
MR       .....                  (no boots)
Stlth    +.........             (no amulet)
HPRegen  0.24/turn              p - ring of see invisible
MPRegen  0.14/turn              w - ring of ice

@: glowing
A: no striking features
a: Divine Shield, Renounce Religion


You were on level 9 of the Dungeon.
You worshipped the Shining One.
The Shining One was most pleased with you.
You were not hungry.

You visited 2 branches of the dungeon, and saw 10 of its levels.

You collected 542 gold pieces.

Inventory:

Hand Weapons
 l - a +4 scimitar of flaming (weapon)
 s - a +4 great sword
Missiles
 h - 5 steel tomahawks
 r - 6 javelins (quivered)
 D - 12 tomahawks
Armour
 c - a +1 shield (worn)
 g - a +0 plate armour
 C - a +0 ring mail (worn)
Jewellery
 p - a ring of see invisible (left hand)
 w - a ring of ice (right hand)
Wands
 i - a wand of enslavement (5)
 m - a wand of disintegration (11)
Scrolls
 b - 2 scrolls of identify
 j - 2 scrolls of enchant armour
 t - 3 scrolls of teleportation
 v - 3 scrolls of remove curse
 B - 2 scrolls of fog
Potions
 d - 5 potions of might
 e - 2 potions of magic
 k - a potion of resistance {unknown}
 n - a potion of brilliance {unknown}
 o - 2 potions of flight
 q - 4 potions of curing {unknown}
 x - 2 potions of mutation {unknown}
 A - 3 potions of agility {unknown}
Miscellaneous
 u - a crystal ball of energy
Comestibles
 f - 19 rations


   Skills:
 - Level 5.0 Fighting
 + Level 12.9 Long Blades
 + Level 12.2 Armour
 - Level 7.4 Shields
 - Level 6.0 Invocations


You had 10 spell levels left.
You didn't know any spells.
Your spell library contained the following spells:

 Spells                   Type           Power        Failure   Level  Hunger
 Beastly Appendage        Tmut           #.....       86%         1    ##.....
 Magic Dart               Conj           #...         86%         1    ##.....
 Sting                    Conj/Pois      #...         86%         1    ##.....
 Sticks to Snakes         Tmut           #.......     95%         2    ###....
 Throw Frost              Conj/Ice       #.....       95%         2    ###....
 Spider Form              Tmut/Pois      #.........   99%         3    ####...
 Ice Form                 Ice/Tmut       #.......     100%        4    #####..
 Summon Ice Beast         Ice/Summ       #.......     100%        4    #####..
 Blade Hands              Tmut           #.........   100%        5    ######.
 Dragon's Call            Summ           #.........   100%        9    #######


Dungeon Overview and Level Annotations

Branches:
Dungeon (9/15)             Temple (0/1) D:7            Lair (1/6) D:8
    Orc: D:9-12

Altars:
Dithmenos
Hepliaklqana
Nemelex Xobeh
Trog
Uskayaw
Zin
The Shining One

Annotations:
D:2 Sigmund
D:4 Menkaure
D:9 1 runed translucent door, Thantalas's ghost, novice GnAE


Message History

The vampire mosquito bites you.
* * * LOW HITPOINT WARNING * * *
You block the red ugly thing's attack.
You block the vampire mosquito's attack.
You block the vampire mosquito's attack.
The vampire mosquito closely misses you.
You riposte.
Your shield and ring mail prevent you from hitting the vampire mosquito.
The vampire mosquito is almost destroyed.
The death knight offers itself to Yredelemnul, and fills with unholy energy.
The vampire mosquito closely misses you.
Really walk into that dispersal trap?
You enter a dispersal trap!
The vampire mosquito blinks!
The red ugly thing blinks! x2; The vampire mosquito blinks! x2; You blink.
You block the vampire mosquito's attack.
The vampire mosquito bites you! The Shining One protects you from harm!
The vampire mosquito draws strength from your injuries!
The vampire mosquito bites you!
You die...

########..## ### #.........##
##..........## ###.# ##.........#
.............###...## ###........
....................# ##......#
....................# ##..######
....................####....#
.............<...........##.#
#...........................#
####.........§..@...##...#..#####
###.....^.§.py.......###.....#
###..###.......##..###..##.#
##..## #.......###..#..###.#
##>.## ##..u§...##.....##..#
##..## ##...................
####..## ##......##.........##.
.....## ##....#.####..._...####
....## ##........##...(.....##.


You could see a death knight, a red ugly thing and a vampire mosquito.

Vanquished Creatures
  Erica (D:9)
  A two-headed ogre (D:8)
  A cyclops (D:8)
  A black mamba (Lair:1)
  A centaur skeleton (D:9)
  2 spiny frogs (D:8)
  A rime drake (Lair:1)
  3 komodo dragons
  7 blink frogs (Lair:1)
  4 hippogriffs
  A human (D:7)
  A yak (Lair:1)
  4 hogs (D:7)
  Grum (D:8)
  A water moccasin (Lair:1)
  A porcupine (Lair:1)
  4 orc warriors
  4 wolves (D:7)
  3 centaurs
  6 ogres
  4 crocodiles
  9 bullfrogs
  3 wights (D:7)
  A howler monkey (D:5)
  An electric eel (D:6)
  A crimson imp (D:9)
  3 jellies
  8 orc priests
  A centaur zombie (D:7)
  3 hounds
  2 human skeletons (D:6)
  A bullfrog skeleton (D:6)
  2 human zombies (D:6)
  Jessica (D:2)
  12 orc wizards
  5 iguanas
  7 worker ants
  A hound skeleton (D:5)
  A worker ant zombie (D:6)
  7 adders
  3 gnolls (D:5)
  A shadow imp (D:5)
  An ooze (D:1)
  An adder skeleton (D:4)
  5 worms
  5 dart slugs
  5 leopard geckos
  25 orcs
  8 giant cockroaches
  3 goblins (D:2)
  8 hobgoblins
  5 jackals
  3 quokkas
  6 bats
  4 frilled lizards
  10 kobolds
  An orc skeleton (D:6)
  An orc zombie (D:6)
  A quokka skeleton (D:8)
  13 rats
230 creatures vanquished.

Vanquished Creatures (others)
  A fungus (Lair:1)
  A plant (Lair:1)
2 creatures vanquished.

Grand Total: 232 creatures vanquished

Notes
Turn   | Place    | Note
-------+----------+-------------------------------------------
     0 | D:1      | Hivemind the Hill Orc Fighter began the quest for the Orb.
     0 | D:1      | Reached XP level 1. HP: 19/19 MP: 1/1
   135 | D:1      | Reached XP level 2. HP: 23/26 MP: 2/2
   378 | D:1      | Reached XP level 3. HP: 31/31 MP: 3/3
   730 | D:2      | Noticed Jessica
   740 | D:2      | Killed Jessica
   740 | D:2      | Reached XP level 4. HP: 39/39 MP: 4/4
   799 | D:2      | Noticed a bullfrog
   809 | D:2      | Killed a bullfrog
   809 | D:2      | Reached skill level 5 in Shields
   809 | D:2      | Reached XP level 5. HP: 17/45 MP: 5/5
  1232 | D:2      | Noticed Sigmund
  1913 | D:3      | Reached skill level 5 in Long Blades
  2419 | D:4      | Noticed an ogre
  2506 | D:4      | Noticed Menkaure
  2562 | D:3      | Reached XP level 6. HP: 15/51 MP: 6/6
  2970 | D:3      | Reached XP level 7. HP: 37/60 MP: 7/7
  3870 | D:5      | Entered Level 5 of the Dungeon
  3917 | D:5      | Found a glowing golden altar of the Shining One.
  4166 | D:5      | Became a worshipper of the Shining One
  4285 | D:5      | Identified the Guide on Hurtful Summoning
  4847 | D:5      | Reached skill level 5 in Fighting
  4950 | D:5      | Reached XP level 8. HP: 68/68 MP: 8/8
  5499 | D:5      | Reached skill level 5 in Armour
  6280 | D:6      | Reached * piety under the Shining One
  6504 | D:6      | Noticed a two-headed ogre
  6547 | D:5      | The Shining One protects you from harm!
  7496 | D:7      | Reached XP level 9. HP: 68/74 MP: 9/9
  7622 | D:7      | The Shining One protects you from harm!
  8317 | D:7      | Found a staircase to the Ecumenical Temple.
  8462 | D:7      | Identified the +12 dagger of Hunnyson {pierce, Int+2}
  8469 | D:7      | Reached ** piety under the Shining One
  8509 | D:6      | The Shining One protects you from harm!
  9111 | D:7      | Reached skill level 10 in Long Blades
  9621 | D:7      | Reached XP level 10. HP: 81/81 MP: 10/10
  9906 | D:8      | Noticed a cyclops
 10122 | D:8      | Noticed a two-headed ogre
 10421 | D:8      | Noticed Grum
 11031 | D:8      | Killed Grum
 11464 | D:8      | Killed a two-headed ogre
 11464 | D:8      | Reached skill level 10 in Armour
 11614 | D:8      | Found a bloodstained altar of Trog.
 11830 | D:9      | Found a hide-covered altar of Uskayaw.
 11894 | D:9      | Noticed Erica
 12086 | D:8      | Found a hazy altar of Hepliaklqana.
 12117 | D:8      | Found a staircase to the Lair.
 12150 | D:8      | Found a sparkling altar of Nemelex Xobeh.
 12288 | D:8      | Found a glowing silver altar of Zin.
 12766 | D:9      | Found a hide-covered altar of Uskayaw.
 13078 | D:9      | Killed Erica
 13088 | D:9      | HP: 4/81 [poisoned by Erica (bolt of poison)]
 13093 | D:9      | HP: 4/81 [poisoned by Erica (bolt of poison)]
 13472 | D:9      | Found a runed translucent door.
 13473 | D:9      | Noticed Thantalas's ghost (novice GnAE)
 13680 | D:9      | Found a shadowy altar of Dithmenos.
 13705 | D:9      | Reached skill level 5 in Invocations
 13748 | D:9      | Reached XP level 11. HP: 86/86 MP: 13/15
 13928 | D:9      | Noticed a red ugly thing
 14088 | D:8      | Killed a cyclops
 14183 | Lair:1   | Entered Level 1 of the Lair of Beasts
 16259 | Lair:1   | Noticed an eight-headed hydra
 16346 | D:9      | Noticed a death knight
 16346 | D:9      | Reached *** piety under the Shining One
 16346 | D:9      | Noticed an ogre mage
 16377 | D:9      | The Shining One protects you from harm!
 16378 | D:9      | Slain by a vampire mosquito

Skill      XL: |  1  2  3  4  5  6  7  8  9 10 11 |
---------------+----------------------------------+-----
Long Blades    | 3 4 5 6 8 10 11 12 | 12.9
Shields        | 4 5 6 7 |  7.4
Fighting       | 4 5 |  5.0
Armour         | 4 6 9 10 12 | 12.2
Invocations    | 5 6 |  6.0

Action                   |  1- 3 |  4- 6 |  7- 9 | 10-12 || total
-------------------------+-------+-------+-------+-------++-------
Melee: Long sword        |    84 |   208 |   377 |    86 ||   755
       Great sword       |       |       |    61 |    27 ||    88
       Scimitar          |       |       |       |   146 ||   146
Throw: Stone             |       |    52 |    90 |       ||   142
       Javelin           |       |       |     3 |    72 ||    75
       Tomahawk          |       |       |     1 |    29 ||    30
       Throwing net      |       |       |     1 |       ||     1
Evoke: Wand              |       |       |       |     1 ||     1
  Use: Scroll            |       |       |    14 |       ||    14
       Potion            |       |       |     3 |     3 ||     6
  Eat: Chunk             |       |     4 |     7 |    15 ||    26
       Ration            |       |     1 |     4 |     2 ||     7
Armor: Scale mail        |    50 |    82 |    29 |    30 ||   191
       Ring mail         |       |       |    77 |    30 ||   107
Dodge: Dodged            |    35 |    52 |   139 |    75 ||   301
Block: Shield            |    38 |   123 |   128 |   108 ||   397
       Rpst.: Long sword |    10 |    18 |    29 |     7 ||    64
       Great sword       |       |       |     6 |     5 ||    11
       Scimitar          |       |       |       |    14 ||    14
